 Dungeon Sprint DCSS version 0.26-a0-663-g36e8fdb655 (webtiles) character file.

Game seed: 7153414970974593973

453 sahdkjhfkaj the Vexing (level 7, -3/57 HPs)
             Began as a Gnoll Arcane Marksman on Oct 12, 2020.
             Slain by a centaur warrior (8 damage)
             ... in the Dungeon (Sprint II: "The Violet Keep of Menkaure").
             The game lasted 00:00:44 (298 turns).

sahdkjhfkaj the Vexing (Gnoll Arcane Marksman)       Turns: 298, Time: 00:00:46

Health: -3/57      AC:  2    Str: 14    XL:     7   Next: 5%
Magic:  15/15      EV: 17    Int: 15    God:
Gold:   243        SH:  0    Dex: 16    Spells: 16/17 levels left

rFire    . . .     SeeInvis .   a - +0 hand crossbow
rCold    . . .     Faith    .   (no shield)
rNeg     . . .     Spirit   .   k - +0 robe
rPois    .         Reflect  .   (no helmet)
rElec    .         Harm     .   (no cloak)
rCorr    .         Rampage  .   (no gloves)
MR       .....     NoTele   +   (no boots)
Stlth    +++.......             (no amulet)
HPRegen  0.19/turn              (no ring)
MPRegen  0.14/turn              (no ring)

@: barbed spikes
A: distributed training, fangs 1, strong nose
a: no special abilities


You were in the Dungeon.
You visited 1 branch You collected 243 gold pieces.

Inventory:

Hand Weapons
 a - a +0 hand crossbow (weapon)
Missiles
 d - 15 bolts (quivered)
Armour
 k - a +0 robe (worn)
Scrolls
 j - a scroll of blinking
Potions
 e - a potion of curing
 g - a potion of haste
 h - 2 potions of magic
 i - a potion of berserk rage


   Skills:
 + Level 5.8 Fighting
 + Level 5.1 Short Blades
 + Level 5.1 Long Blades
 + Level 5.1 Axes
 + Level 5.1 Maces & Flails
 + Level 5.1 Polearms
 + Level 5.1 Staves
 + Level 5.1 Slings
 + Level 5.1 Bows
 + Level 6.9 Crossbows
 + Level 5.1 Throwing
 + Level 5.1 Armour
 + Level 6.9 Dodging
 + Level 5.1 Stealth
 + Level 5.1 Shields
 + Level 5.1 Unarmed Combat
 + Level 5.9 Spellcasting
 + Level 4.2 Conjurations
 + Level 7.0 Hexes
 + Level 4.2 Summonings
 + Level 4.2 Necromancy
 + Level 4.2 Translocations
 + Level 4.2 Transmutations
 + Level 4.2 Fire Magic
 + Level 4.2 Ice Magic
 + Level 4.2 Air Magic
 + Level 4.2 Earth Magic
 + Level 4.2 Poison Magic
 + Level 5.6 Invocations
 + Level 5.1 Evocations


You had 16 spell levels left.
You knew the following spells:

 Your Spells              Type           Power        Failure   Level
a - Corona                Hex            ####...      1%          1

Your spell library contained the following spells:

 Spells                   Type           Power        Failure   Level
 Slow                     Hex            ####....     1%          2
 Inner Flame              Hex/Fire       ###.....     4%          3
 Portal Projectile        Hex/Tloc       ###...       4%          3
 Cause Fear               Hex            ####......   9%          4
 Leda's Liquefaction      Hex/Erth       ###.......   14%         4


Dungeon Overview and Level Annotations

Branches:
Dungeon (1/1)

Altars:

Shops:
D (!*

Annotations:
D Kirke, Roxanne


Innate Abilities, Weirdness & Mutations

Your experience applies equally to all skills.
You have very sharp teeth.
Your uncanny sense of smell can sniff out nearby items.


Message History

Something unseen opens the door.
The manticore flicks its tail.
The volley of spikes hits you!!
The barbed spikes become lodged in your body.
* * * LOW HITPOINT WARNING * * *
Firing (i - inventory)
d - 17 bolts (quivered)
Press: ? - help, Shift-Dir - straight line, f - manticore
Aim: a manticore (summoned)
You shoot a bolt. The bolt hits the centaur warrior.
The centaur warrior is lightly wounded.
The centaur warrior hits you.
* * * LOW HITPOINT WARNING * * *
Firing (i - inventory)
d - 16 bolts (quivered)
Press: ? - help, Shift-Dir - straight line, f - centaur warrior
Aim: a centaur warrior, quivering 29 arrows (lightly wounded)
You shoot a bolt.
The bolt hits the centaur warrior but does no damage.
The centaur warrior is lightly wounded.
The centaur warrior barely misses you. The centaur warrior hits you!
You die...

∆##≈§§§§§≈## ∆
≈≈≈§§§§§§## #
≈§≈8§§§.≈# c@###
§.§§≈≈. zc.≈# ≈§§≈
####≈≈#+++#+++##
###≈≈H....H....#∆
.∩#≈≈≈≈.##c##..#∆∆
∩.#≈≈≈≈##@..## #
..#≈≈≈≈#..#..#
..#≈≈####.#.##
..#≈# ##÷## ..#≈
##.## ..+ ∆ +.<.+
∆ ∩. ##.## #+#


You could see Roxanne, a centaur warrior and a manticore (summoned).

Vanquished Creatures
  Menkaure (D)
  4 necrophages (D)
5 creatures vanquished.

Notes
Turn   | Place    | Note
-------+----------+-------------------------------------------
     0 | D        | sahdkjhfkaj the Gnoll Arcane Marksman began the quest for
                  | the Orb.
     0 | D        | Reached XP level 1. HP: 17/17 MP: 4/4
     1 | D        | Noticed a necrophage
     1 | D        | Noticed a necrophage
     1 | D        | Noticed a necrophage
     1 | D        | Noticed a necrophage
     9 | D        | Killed a necrophage
     9 | D        | Reached skill level 5 in Crossbows
     9 | D        | Reached skill level 5 in Dodging
     9 | D        | Reached XP level 2. HP: 11/24 MP: 5/7
     9 | D        | Reached XP level 3. HP: 13/29 MP: 5/8
     9 | D        | Reached XP level 4. HP: 16/36 MP: 6/10
    13 | D        | Killed a necrophage
    13 | D        | Reached skill level 6 in Hexes
    13 | D        | Reached XP level 5. HP: 13/42 MP: 7/12
    17 | D        | Killed a necrophage
    17 | D        | Reached skill level 5 in Fighting
    17 | D        | Reached skill level 5 in Spellcasting
    17 | D        | Reached XP level 6. HP: 4/49 MP: 8/13
    22 | D        | Killed a necrophage
    22 | D        | Reached skill level 5 in Invocations
   203 | D        | Noticed Roxanne
   205 | D        | Noticed Menkaure
   210 | D        | Killed Menkaure
   210 | D        | Reached skill level 5 in Short Blades
   210 | D        | Reached skill level 5 in Long Blades
   210 | D        | Reached skill level 5 in Axes
   210 | D        | Reached skill level 5 in Maces & Flails
   210 | D        | Reached skill level 5 in Polearms
   210 | D        | Reached skill level 5 in Staves
   210 | D        | Reached skill level 5 in Slings
   210 | D        | Reached skill level 5 in Bows
   210 | D        | Reached skill level 5 in Throwing
   210 | D        | Reached skill level 5 in Armour
   210 | D        | Reached skill level 5 in Stealth
   210 | D        | Reached skill level 5 in Shields
   210 | D        | Reached skill level 5 in Unarmed Combat
   210 | D        | Reached skill level 7 in Hexes
   210 | D        | Reached skill level 5 in Evocations
   210 | D        | Reached XP level 7. HP: 33/57 MP: 15/15
   211 | D        | Found Caryumyf's Assorted Antiques.
   213 | D        | Found Dofipnur's Antique Weapon Shoppe.
   214 | D        | Found Nedoh's Distillery.
   285 | D        | Noticed Kirke
   285 | D        | Noticed a centaur warrior
   286 | D        | Noticed a yaktaur captain
   286 | D        | Noticed a manticore
   286 | D        | Noticed a skeletal warrior
   298 | D        | Slain by a centaur warrior

Illustrated notes

Levels and vault maps discovered:
D:        the_violet_keep_of_menkaure [sprint2_stairs_cluster_1,
          sprint2_shoproom, sprint2_temple, sprint2_basic_supplies,
          sprint2_obstacle_3, sprint2_obstacle_2, sprint2_obstacle_6,
          sprint2_obstacle_4, sprint2_obstacle_5, sprint2_timed_cluster_1,
          sprint2_smallroom_cluster_1, sprint2_smallroom_final_cluster_1,
          sprint2_transparent_cluster_1, sprint2_second_timed_cluster_1,
          sprint2_sniper_area_1, sprint2_heavy_combat_area_1,
          sprint2_mutation_trap_area_1, sprint2_forest_area_1,
          sprint2_light_combat_area_1, sprint2_behind_water_1,
          sprint2_near_end_vault_1]

Skill      XL: |  1  2  3  4  5  6 |
---------------+-------------------+-----
Fighting       | 3 4 5 |  5.8
Short Blades   | 2 3 4 5 |  5.1
Long Blades    | 2 3 4 5 |  5.1
Axes           | 2 3 4 5 |  5.1
Maces & Flails | 2 3 4 5 |  5.1
Polearms       | 2 3 4 5 |  5.1
Staves         | 2 3 4 5 |  5.1
Slings         | 2 3 4 5 |  5.1
Bows           | 2 3 4 5 |  5.1
Crossbows      | 5 6 |  6.9
Throwing       | 2 3 4 5 |  5.1
Armour         | 2 3 4 5 |  5.1
Dodging        | 5 6 |  6.9
Stealth        | 2 3 4 5 |  5.1
Shields        | 2 3 4 5 |  5.1
Unarmed Combat | 2 3 4 5 |  5.1
Spellcasting   | 4 5 |  5.9
Conjurations   | 2 3 4 |  4.2
Summonings     | 2 3 4 |  4.2
Necromancy     | 2 3 4 |  4.2
Translocations | 2 3 4 |  4.2
Transmutations | 2 3 4 |  4.2
Fire Magic     | 2 3 4 |  4.2
Ice Magic      | 2 3 4 |  4.2
Air Magic      | 2 3 4 |  4.2
Earth Magic    | 2 3 4 |  4.2
Poison Magic   | 2 3 4 |  4.2
Invocations    | 3 4 5 |  5.6
Evocations     | 2 3 4 5 |  5.1
Hexes          | 6 7 |  7.0

Action                   |  1- 3 |  4- 6 |  7- 9 || total
-------------------------+-------+-------+-------++-------
 Fire: Hand crossbow     |     8 |    16 |     2 ||    26
  Use: Potion            |       |     1 |       ||     1
Armor: Robe              |       |     1 |       ||     1
Dodge: Dodged            |     5 |     7 |     1 ||    13

Table legend: (Time is in decaauts)
 A = Elapsed time spent in this place.
 B = Non-inter-level travel time spent in this place.
 C = Inter-level travel time spent in this place.
 D = Time resting spent in this place.
 E = Time spent auto-exploring this place.
 F = Levels seen in this place.
 G = Mean time per level.
                   A        B        C        D        E       F      G
               +--------+--------+--------+--------+--------+-----+--------+
         Total |    303 |    303 |      0 |    247 |      0 |   1 |  303.0 |
       Dungeon |    303 |    303 |      0 |    247 |      0 |   1 |  303.0 |
               +--------+--------+--------+--------+--------+-----+--------+

Top non-repeatable levels by time:
       D: 303 daAuts
